AoeStats
← Yoeyhoover

Hideout

503709283Analyzed
3v3 RM · 1mo ago on Sep 1, 2026· 18m 24s· 6 players
Game mode
Random Map
Map size
Normal (6 player)
Population
200
Speed
Normal
Resources
Standard
Victory
Conquest
Starting age
Dark Age
Ending age
Imperial Age
RankedLock teamsTeams togetherTeam positionsShared explorationLock speedFull tech treeHidden civsTurbo modeCheats
Victory
Defeat
🇩🇪 Bengalis · Germany
1235
+12
🇺🇸 Chinese · United States
1213
+13
🇬🇧 Celts · United Kingdom
1082
+19
🇦🇷 Lithuanians · Argentina
1174
-16
🇺🇸 Bulgarians · United States
1153
-15
🇺🇸 Shu · United States
1085
-12
Yoeyhoover
7:39 Loom
10:30 Feudal Age
oogaboogawherdayat
0:56 Loom
11:33 Feudal Age
13:32 Horse Collar
14:10 Fletching
14:20 Padded Archer Armor
14:14 Double-Bit Axe
enzopasq13
9:52 Feudal Age
14:07 Castle Age
13:10 Double-Bit Axe
13:07 Horse Collar
15:36 Wheelbarrow
The Looinrims
0:27 Loom
9:44 Feudal Age
13:40 Castle Age
12:14 Double-Bit Axe
14:07 Crossbowman
15:21 Fletching
16:55 Horse Collar
17:34 Bodkin Arrow
18:17 Bow Saw
trdc
4:05 Loom
10:52 Feudal Age
15:18 Castle Age
14:09 Double-Bit Axe
15:11 Town Watch
19:07 Wheelbarrow
Nighttake
8:22 Loom
10:47 Feudal Age
14:25 Castle Age
12:36 Double-Bit Axe
13:04 Horse Collar
Connection lost

Rejoining the realm…

Still unreachable

The connection could not be restored.

Session expired

The server has moved on; the page needs a fresh start.